 Dungeon Crawl Stone Soup version 0.30-a0-371-gad7725a93e (webtiles) character file.

Game seed: 14903287216954023006

78 purpskrrrp the Sneak (level 4, 0/27 HPs)
             Began as a Tengu Brigand on Nov 23, 2022.
             Slain by Grinder (1 damage)
             ... on level 3 of the Dungeon.
             The game lasted 00:02:27 (1759 turns).

purpskrrrp the Sneak (Tengu Brigand)                Turns: 1759, Time: 00:02:27

Health: 0/27       AC:  3    Str: 11    XL:     4   Next: 36%
Magic:  5/5        EV: 13    Int: 11    God:
Gold:   72         SH:  0    Dex: 18    Spells: 3/3 levels left

rFire   . . .      SeeInvis +    k - +3 dagger (venom)
rCold   . . .      Faith    .    (no shield)
rNeg    . . .      Spirit   .    b - +0 robe
rPois   .          Reflect  .    (helmet restricted)
rElec   .          Harm     .    c - +0 cloak
rCorr   .          Rampage  .    (no gloves)
Will    +....                    (boots unavailable)
Stlth   +++.......               (no amulet)
HPRegen 0.24/turn                o - ring of willpower
MPRegen 0.09/turn                g - ring of see invisible

@: no status effects
A: beak, talons 3
a: no special abilities


You were on level 3 of the Dungeon.
You visited 1 branch of the dungeon, and saw 3 of its levels.

You collected 72 gold pieces.

Inventory:

Hand Weapons
 a - a +2 dagger
 k - a +3 dagger of venom (weapon)
Missiles
 d - 9 poisoned darts
 e - 3 curare-tipped darts
Armour
 b - a +0 robe (worn)
 c - a +0 cloak (worn)
Jewellery
 g - a ring of see invisible (right hand)
 m - a ring of protection from fire
 o - a ring of willpower (left hand)
Wands
 f - a wand of polymorph (2)
 l - a wand of iceblast (11)
Scrolls
 i - 2 scrolls of teleportation
Potions
 h - a potion of flight
 j - 2 potions of curing
 n - a potion of attraction


   Skills:
 + Level 2.6 Fighting
 + Level 2.9 Short Blades
 - Level 2.0 Throwing
 * Level 2.9 Dodging
 + Level 4.4 Stealth


You had 3 spell levels left.
You didn't know any spells.
Your spell library contained the following spells:

 Spells                   Type           Power      Damage    Failure   Level
 Passage of Golubria      Tloc           0%         N/A       98%         4
 Silence                  Hex/Air        0%         N/A       100%        5
 Lehudib's Crystal Spear  Conj/Erth      0%         10d2      100%        8


Dungeon Overview and Level Annotations

Branches:
Dungeon (3/15)

Altars:

Annotations:
D:1 1 transporter
D:3 Grinder


Innate Abilities, Weirdness & Mutations

You have a beak for a mouth.
You have claws for feet.


Message History

Grinder gestures at you.
You easily resist.
You hit Grinder.
Grinder is moderately wounded.
You hit Grinder. You peck Grinder, but do no damage.
Grinder is moderately wounded.
Grinder barely misses you.
The endoplasm hits you but does no damage.
The frilled lizard bites you.
You hit Grinder. Your kick misses Grinder.
Grinder is moderately wounded.
Grinder hits you!
You writhe in agony.
* * * LOW HITPOINT WARNING * * *
The endoplasm jiggles.
The endoplasm closely misses you. The frilled lizard barely misses you.
You are too injured to fight recklessly!
You are too injured to fight recklessly!
You are too injured to fight recklessly!
You are too injured to fight recklessly!
You are too injured to fight recklessly!
You are too injured to fight recklessly!
You are too injured to fight recklessly!
You are too injured to fight recklessly!
You are too injured to fight recklessly!
You are too injured to fight recklessly!
You are too injured to fight recklessly!
You are too injured to fight recklessly!
You are too injured to fight recklessly!
You are too injured to fight recklessly!
You are too injured to fight recklessly!
You are too injured to fight recklessly!
You are too injured to fight recklessly!
You are too injured to fight recklessly!
You are too injured to fight recklessly!
You hit Grinder. You claw Grinder.
Grinder is heavily wounded.
Grinder hits you.
* * * LOW HITPOINT WARNING * * *
You writhe in agony.
You die...

#..#.# ##
#....#
..#####.#..#
......#.#..#
......#+#..####
#.............#
#.........>...#
#.............#
#......@......#
#.....J5l.....#
#.............#
######........#
#........#
#........#
#........#
#........#


You could see Grinder, an endoplasm and a frilled lizard.

Vanquished Creatures
  3 adders (D:2)
  4 dart slugs
  4 endoplasms
  4 goblins
  6 hobgoblins
  5 jackals (D:2)
  2 quokkas
  3 ball pythons (D:2)
  4 bats
  2 kobolds
  3 rats (D:1)
40 creatures vanquished.

Notes
Turn   | Place    | Note
-------+----------+-------------------------------------------
     0 | D:1      | purpskrrrp the Tengu Brigand began the quest for the Orb.
     0 | D:1      | Reached XP level 1. HP: 12/12 MP: 2/2
   107 | D:1      | Reached XP level 2. HP: 17/17 MP: 3/3
   767 | D:2      | Reached XP level 3. HP: 21/21 MP: 4/4
  1060 | D:2      | Reached XP level 4. HP: 23/27 MP: 5/5
  1746 | D:3      | Noticed Grinder
  1759 | D:3      | HP: 1/27 [Grinder (6)]
  1759 | D:3      | Slain by Grinder

Illustrated notes

Levels and vault maps discovered:
D:1:      spicycebolla_arrival_risky_transporter, layout_basic
D:2:      layout_basic
D:3:      layout_basic, uniq_terence, uniq_crazy_yiuf_cottage, uniq_grinder

Skill      XL: |  1  2 |
---------------+-------+-----
Dodging        | 2 |  2.9
Fighting       | |  2.6
Short Blades   | |  2.9
Throwing       | |  2.0
Stealth        | |  4.4

Action                   |  1- 3 |  4- 6 || total
-------------------------+-------+-------++-------
Melee: Dagger            |    60 |    23 ||    83
       Kick              |    17 |     4 ||    21
       Peck              |     5 |     3 ||     8
  Use: Scroll            |     6 |     2 ||     8
 Stab: Sleeping          |     8 |     4 ||    12
       Distracted        |     1 |       ||     1
Armor: Robe              |     8 |     5 ||    13
Dodge: Dodged            |    30 |    13 ||    43

Table legend: (Time is in decaauts)
 A = Elapsed time spent in this place.
 B = Non-inter-level travel time spent in this place.
 C = Inter-level travel time spent in this place.
 D = Time resting spent in this place.
 E = Time spent auto-exploring this place.
 F = Levels seen in this place.
 G = Mean time per level.
                   A        B        C        D        E       F      G
               +--------+--------+--------+--------+--------+-----+--------+
         Total |   1746 |   1642 |    104 |      0 |   1353 |   3 |  582.0 |
       Dungeon |   1746 |   1642 |    104 |      0 |   1353 |   3 |  582.0 |
               +--------+--------+--------+--------+--------+-----+--------+

Top non-repeatable levels by time:
     D:2: 890 daAuts
     D:1: 733 daAuts
     D:3: 123 daAuts
